 Dungeon Crawl Stone Soup version 0.31-a0-233-g139696dc86 (webtiles) character file.

Game seed: 13511165355912400573

474 Shard1697 the Trooper (level 7, -4/54 HPs)
             Began as a Djinni Reaver on July 8, 2023.
             Slain by an ogre
             ... wielding a +0 giant club
              (28 damage)
             ... on level 6 of the Dungeon.
             The game lasted 00:06:56 (5254 turns).

Shard1697 the Trooper (Djinni Reaver)               Turns: 5254, Time: 00:06:56

Health: -4/54      AC:  5    Str: 11    XL:     7   Next: 32%
Gold:   231        EV: 11    Int: 17    God:
                   SH:  0    Dex: 11

rFire   + + .        a - +0 falchion
rCold   x . .        (no shield)
rNeg    + . .        n - +0 leather armour {rN+}
rPois   ∞            (no helmet)
rElec   .            t - +1 cloak
rCorr   .            (no gloves)
SInv    .            (boots unavailable)
Will    .....        (no amulet)
Stlth   +            (no ring)
HPRegen 0.29/turn    (no ring)
MPRegen 0.00/turn

%: infuse magic (-5 HP)
@: flying
A: sickness immunity, fire resistance 2, cold vulnerability 1, float, innate
caster, HP casting, extra vitality 1
a: no special abilities


You were on level 6 of the Dungeon.
You visited 1 branch of the dungeon, and saw 6 of its levels.

You collected 231 gold pieces.

Inventory:

Hand Weapons
 a - a +0 falchion (weapon)
 b - a +2 vampiric short sword
Armour
 n - a +0 leather armour of positive energy (worn)
 t - a +1 cloak (worn)
Scrolls
 f - a scroll of torment
 l - 2 scrolls of revelation
Potions
 d - a potion of haste
 e - a potion of enlightenment
 g - 2 potions of attraction
 o - 5 potions of curing {unknown}
 r - a potion of ambrosia


   Skills:
 * Level 5.1 Fighting
 * Level 5.1 Long Blades
 - Level 2.1 Dodging
 + Level 3.4 Spellcasting
 + Level 3.4 Conjurations
 + Level 3.4 Hexes
   Level 0.0 Charms
 + Level 3.4 Summonings
 + Level 3.4 Necromancy
 + Level 3.4 Translocations
 + Level 3.4 Transmutations
 + Level 3.4 Fire Magic
 + Level 3.4 Ice Magic
 + Level 3.4 Air Magic
 + Level 3.4 Earth Magic
 + Level 3.4 Poison Magic


You knew the following spells:

 Your Spells              Type           Power      Damage    Failure   Level
a - Kiss of Death         Conj/Necr      56%        2d9       5%          1
b - Momentum Strike       Conj/Tloc      28%        3d8       9%          2
c - Hailstorm             Conj/Ice       14%        3d5       16%         3
d - Slow                  Hex            56%        N/A       5%          1
e - Poisonous Vapours     Pois/Air       28%        N/A       9%          2
f - Static Discharge      Conj/Air       28%        2-4/arc   9%          2
Your spell library was empty.

Dungeon Overview and Level Annotations

Branches:
Dungeon (6/15)
 Temple: D:4-7

Altars:
Hepliaklqana
Nemelex Xobeh
Qazlal
Wu Jian
Zin
The Shining One

Annotations:
D:4 exclusion: statue
D:6 Maggie


Innate Abilities, Weirdness & Mutations

You are immune to sickness and miasma.
You are immune to poison.
Your flesh is very heat resistant. (rF++)
You are vulnerable to cold. (rC-)
You float through the air rather than walking.
You learn spells naturally, not from books.
Your magical power is your life essence.
You have superior vitality. (+4 MHP)


Message History

Confirm with . or Enter, or press ? or * to list all spells.
Aiming: Poisonous Vapours (safe; 9% risk of failure)
Press: ? - help, Dir - move target, f/p - ogre
Aim: an ogre, wielding a +0 giant club (slow) Poisonous vapours surround the ogre!
The ogre is poisoned.
Casting: Poisonous Vapours (safe; 9% risk of failure)
Confirm with . or Enter, or press ? or * to list all spells.
Aiming: Poisonous Vapours (safe; 9% risk of failure)
Press: ? - help, Dir - move target, f/p - ogre
Aim: an ogre, wielding a +0 giant club (lightly wounded, poisoned, slow) Poisonous vapours surround the ogre!
The ogre looks even sicker.
The ogre is no longer moving slowly.
Casting: Poisonous Vapours (safe; 9% risk of failure)
Confirm with . or Enter, or press ? or * to list all spells.
Aiming: Poisonous Vapours (safe; 9% risk of failure)
Press: ? - help, Dir - move target, f/p - ogre
Aim: an ogre, wielding a +0 giant club (lightly wounded, very poisoned) Poisonous vapours surround the ogre!
The ogre looks even sicker.
Casting: Poisonous Vapours (safe; 9% risk of failure)
Confirm with . or Enter, or press ? or * to list all spells.
Aiming: Slow (safe; 5% risk of failure)
Press: ? - help, Shift-Dir - straight line, f/p - ogre
Aim: an ogre, wielding a +0 giant club (moderately wounded, very poisoned, chance to affect: 48%)
The ogre resists with some effort.
The ogre hits you with a +0 giant club!!
Casting: Slow (safe; 5% risk of failure)
Confirm with . or Enter, or press ? or * to list all spells.
Aiming: Slow (safe; 5% risk of failure)
Press: ? - help, Shift-Dir - straight line, f/p - ogre
Aim: an ogre, wielding a +0 giant club (moderately wounded, very poisoned, chance to affect: 48%)
The ogre resists with some effort.
Casting: Slow (safe; 5% risk of failure)
Confirm with . or Enter, or press ? or * to list all spells.
Aiming: Slow (safe; 5% risk of failure)
Press: ? - help, Shift-Dir - straight line, f/p - ogre
Aim: an ogre, wielding a +0 giant club (moderately wounded, poisoned, chance to affect: 48%)
The ogre resists with some effort.
The ogre hits you with a +0 giant club!!
Ouch! That really hurt!
You die...

.....##############
#...............#
##..###########.#
#..#.....#<..#.# ..
...........#.#####.
##
....................
.#..##.#.#.#.#####..
#. #...#O#.#
..####@#.# ..#.
#.#.# # #. #.#.# ..
..#.# ###.#


You could see an ogre (poisoned).

Vanquished Creatures
  An ogre (D:5)
  A scorpion (D:4)
  A howler monkey (D:5)
  2 orc priests (D:5)
  4 iguanas (D:5)
  2 adders (D:4)
  A shadow imp (D:5)
  4 worms
  2 dart slugs
  15 orcs
  An endoplasm (D:1)
  4 giant cockroaches
  10 goblins
  7 hobgoblins
  5 jackals
  3 kobolds
  2 quokkas
  5 ball pythons
  4 bats
  A frilled lizard (D:1)
  6 rats
81 creatures vanquished.

Notes
Turn   | Place    | Note
-------+----------+-------------------------------------------
     0 | D:1      | Shard1697 the Djinni Reaver began the quest for the Orb.
     0 | D:1      | Shard1697 set off with the following spells memorised: Kiss
                  | of Death, Momentum Strike, Hailstorm.
     0 | D:1      | Reached XP level 1. HP: 18/18 MP: 0/0
   117 | D:1      | Reached XP level 2. HP: 21/23 MP: 0/0
   524 | D:1      | Reached XP level 3. HP: 29/29 MP: 0/0
   524 | D:1      | Learned a level 1 spell: Slow
  1722 | D:3      | Reached XP level 4. HP: 35/35 MP: 0/0
  2259 | D:3      | Found a faded altar of an unknown god.
  2631 | D:4      | You are sucked into a shaft and drop 1 floor!
  2631 | D:5      | Entered Level 5 of the Dungeon
  2652 | D:5      | Reached XP level 5. HP: 15/40 MP: 0/0
  2652 | D:5      | Learned a level 2 spell: Static Discharge
  2947 | D:5      | Found an ornate altar of the Wu Jian Council.
  3284 | D:4      | Found a glowing silver altar of Zin.
  3373 | D:4      | Found a hazy altar of Hepliaklqana.
  3439 | D:4      | HP: 1/41 [scorpion (3)]
  3441 | D:4      | Reached XP level 6. HP: 3/47 MP: 0/0
  3993 | D:5      | Noticed an ogre
  4002 | D:5      | Killed an ogre
  4119 | D:5      | Reached XP level 7. HP: 31/53 MP: 0/0
  4119 | D:5      | Learned a level 2 spell: Poisonous Vapours
  4219 | D:5      | Found a glowing golden altar of the Shining One.
  4221 | D:5      | Found a stormy altar of Qazlal.
  4307 | D:5      | Found a sparkling altar of Nemelex Xobeh.
  4564 | D:5      | Reached skill level 5 in Fighting
  4564 | D:5      | Reached skill level 5 in Long Blades
  4998 | D:6      | Noticed Maggie
  5254 | D:6      | Slain by an ogre

Illustrated notes

Levels and vault maps discovered:
D:1:      dpeg_arrival_rooms_with_view, layout_loops_ring,
          corexii_leaking_fountain
D:2:      layout_loops_cross
D:3:      layout_loops_ring, nicolae_ecumenical_oubliette
D:4:      nicolae_cairo_tiling_large, layout_basic, marbit_many_paths,
          vehumet_statue, nicolae_overflow_crystal_walls
D:5:      layout_basic, overflow_temple_1_default,
          mainiacjoe_overflow_divided_tiny, mainiacjoe_overflow_boulevard
D:6:      layout_basic, serial_shops, kennysheep_mini, uniq_eustachio,
          uniq_menkaure, uniq_maggie

Skill      XL: |  1  2  3  4  5  6  7 |
---------------+----------------------+-----
Long Blades    | 3 4 5 |  5.1
Fighting       | 3 4 5 |  5.1
Spellcasting   | 3 |  3.4
Conjurations   | 3 |  3.4
Hexes          | 3 |  3.4
Summonings     | 3 |  3.4
Necromancy     | 3 |  3.4
Translocations | 3 |  3.4
Transmutations | 3 |  3.4
Fire Magic     | 3 |  3.4
Ice Magic      | 3 |  3.4
Air Magic      | 3 |  3.4
Earth Magic    | 3 |  3.4
Poison Magic   | 3 |  3.4
Dodging        | |  2.1

Action                     |  1- 3 |  4- 6 |  7- 9 || total
---------------------------+-------+-------+-------++-------
  Melee: Falchion          |   129 |   102 |       ||   231
         Punch             |       |     1 |     1 ||     2
         Short sword       |       |    54 |    50 ||   104
   Cast: Slow              |     6 |     7 |     5 ||    18
         Static Discharge  |       |    14 |       ||    14
         Hailstorm         |       |     1 |     2 ||     3
         Momentum Strike   |       |     1 |       ||     1
         Poisonous Vapours |       |       |    11 ||    11
    Use: Potion            |       |     2 |     2 ||     4
         Scroll            |       |       |    10 ||    10
 Armour: Leather armour    |    33 |    50 |    13 ||    96
  Dodge: Dodged            |    85 |    63 |    29 ||   177

Table legend: (Time is in decaauts)
 A = Elapsed time spent in this place.
 B = Non-inter-level travel time spent in this place.
 C = Inter-level travel time spent in this place.
 D = Time resting spent in this place.
 E = Time spent auto-exploring this place.
 F = Levels seen in this place.
 G = Mean time per level.
                   A        B        C        D        E       F      G
               +--------+--------+--------+--------+--------+-----+--------+
         Total |   5277 |   5084 |    193 |   1271 |   2899 |   6 |  879.5 |
       Dungeon |   5277 |   5084 |    193 |   1271 |   2899 |   6 |  879.5 |
               +--------+--------+--------+--------+--------+-----+--------+

Top non-repeatable levels by time:
     D:5: 1586 daAuts
     D:4: 961 daAuts
     D:3: 932 daAuts
     D:2: 902 daAuts
     D:1: 816 daAuts
     D:6: 77 daAuts
